 Dungeon Crawl Stone Soup version 0.23-a0-417-gf02c810 (webtiles) character file.

16 tansarue the Vexing (level 2, -1/29 HPs)
             Began as an Ogre Arcane Marksman on Nov 11, 2018.
             Slain by a hobgoblin
             ... wielding a +0 club
              (5 damage)
             ... on level 1 of the Dungeon.
             The game lasted 00:03:48 (745 turns).

tansarue the Vexing (Ogre Arcane Marksman)           Turns: 745, Time: 00:03:48

Health: -1/29      AC:  3    Str: 11 (13) XL:     2   Next: 54%
Magic:  3/3        EV: 15    Int: 12 (14) God:
Gold:   18         SH:  0    Dex: 12 (14) Spells: 2/3 levels left

rFire    + . .     SeeInvis .   a - +0 whip
rCold    + . .     Gourm    .   (no shield)
rNeg     . . .     Faith    .   e - +0 robe
rPois    +         Spirit   .   (helmet restricted)
rElec    +         Reflect  .   (no cloak)
rCorr    +         Harm     .   (gloves unavailable)
MR       .....                  (boots unavailable)
Stlth    ++........             (no amulet)
HPRegen  0.09/turn              (no ring)
MPRegen  0.08/turn              (no ring)

@: agile, resistant
A: large, unfitting armour, tough skin 1
a: no special abilities


You were on level 1 of the Dungeon.
You were not hungry.

You visited 1 branch of the dungeon, and saw 1 of its levels.

You collected 18 gold pieces.

Inventory:

Hand Weapons
 a - a +0 whip (weapon)
Missiles
 c - 4 large rocks (quivered)
 d - 2 throwing nets
 j - 11 stones
Armour
 e - a +0 robe (worn)
Scrolls
 b - a scroll of enchant armour {unknown}
 i - a scroll of identify {unknown}
Potions
 g - a potion of degeneration
 h - a potion of agility
Comestibles
 f - a ration
 l - 3 chunks of flesh


   Skills:
 + Level 2.4 Fighting
 * Level 1.2 Maces & Flails
 - Level 2.0 Throwing
 - Level 1.7 Dodging
 - Level 1.2 Spellcasting
 - Level 2.6 Hexes


You had 2 spell levels left.
You knew the following spells:

 Your Spells              Type           Power        Failure   Level  Hunger
a - Corona                Hex            #......      10%         1    ##.....

Your spell library contained the following spells:

 Spells                   Type           Power        Failure   Level  Hunger
 Slow                     Hex            #.......     16%         2    ###....
 Inner Flame              Hex/Fire       #.......     45%         3    ####...
 Portal Projectile        Hex/Tloc       #.....       45%         3    ####...
 Cause Fear               Hex            #.........   69%         4    #####..
 Leda's Liquefaction      Hex/Erth       #.........   86%         4    #####..


Dungeon Overview and Level Annotations

Branches:
Dungeon (1/15)

Altars:

Annotations:
D:1 exclusion: dart slug


Innate Abilities, Weirdness & Mutations

You are too large for most types of armour.
You have tough skin. (AC +1)


Message History

Unknown command.
You hit the hobgoblin but do no damage.
The hobgoblin is moderately wounded.
You barely miss the hobgoblin.
The hobgoblin is moderately wounded.
The hobgoblin hits you with a +0 club.
* * * LOW HITPOINT WARNING * * *
You hit the hobgoblin.
The hobgoblin is almost dead.
The hobgoblin hits you but does no damage.
You closely miss the hobgoblin.
The hobgoblin is almost dead.
The hobgoblin misses you.
You barely miss the hobgoblin.
The hobgoblin is almost dead.
The hobgoblin completely misses you.
You closely miss the hobgoblin.
The hobgoblin is almost dead.
The hobgoblin hits you with a +0 club.
You die...

######## ####### #......#
#.....# #......# #.....#
#......# #.....#
#......########## #.....#
#......##........ #.....#
#......##........ #####...#
#.....@##.?......
#...)...###.....g##........
#.###...)###..###g..g......
#...#.##..#...#...#........
###.#...#.......###........
....###.##....### #..?.....
###.#..(#...### ###..####
#...#.......### .##
#.###.#.......# .#


You could see a hobgoblin and a goblin.

Vanquished Creatures
  An ooze (D:1)
  A dart slug (D:1)
  A goblin (D:1)
  3 hobgoblins (D:1)
  A bat (D:1)
  3 rats (D:1)
10 creatures vanquished.

Notes
Turn   | Place    | Note
-------+----------+-------------------------------------------
     0 | D:1      | tansarue the Ogre Arcane Marksman began the quest for the
                  | Orb.
     0 | D:1      | Reached XP level 1. HP: 19/19 MP: 2/2
   309 | D:1      | Reached skill level 1 in Maces & Flails
   309 | D:1      | Reached XP level 2. HP: 17/29 MP: 3/3
   745 | D:1      | Slain by a hobgoblin

Vault maps used:
D:1:      lemuel_arrival_behind_the_door_small, minmay_misc_feat_ornament,
          minmay_pentomino_v4

Skill      XL: |  1 |
---------------+----+-----
Fighting       | 2 |  2.4
Maces & Flails | 1 |  1.2
Throwing       | |  2.0
Dodging        | |  1.7
Spellcasting   | |  1.2
Hexes          | |  2.6

Action                   || total
-------------------------++-------
Melee: Club              ||    27
       Unarmed           ||    17
       Whip              ||    32
  Use: Potion            ||     3
Armor: Robe              ||    16
Dodge: Dodged            ||    39

Table legend:
 A = Non-vault XP
 B = Vault XP
 C = Vault XP percentage of total XP
 D = Non-vault monster count
 E = Vault monster count
 F = Vault count percentage of total count
                 A         B        C        D         E       F
            +---------+---------+-------+---------+---------+-------
      Total |      23 |       0 |   0.0 |      10 |       0 |   0.0
            +---------+---------+-------+---------+---------+-------
        D:1 |      23 |       0 |   0.0 |      10 |       0 |   0.0
            +---------+---------+-------+---------+---------+-------
